 Dungeon Crawl Stone Soup version 0.27-a0-951-gae3e1deef5 (webtiles) character file.

Game seed: 5435415565240455025

104 Mesmaeker13 the Grave Robber (level 4, -3/30 HPs)
             Began as a Mummy Necromancer on Apr 11, 2021.
             Slain by a bullfrog (4 damage)
             ... on level 2 of the Dungeon.
             The game lasted 00:01:48 (2241 turns).

Mesmaeker13 the Grave Robber (Mummy Necromancer)    Turns: 2241, Time: 00:01:49

Health: -3/30      AC:  2    Str: 11    XL:     4   Next: 52%
Magic:  4/10       EV: 12    Int: 15    God:
Gold:   50         SH:  0    Dex: 12    Spells: 10/11 levels left

rFire    x . .     SeeInvis .   b - +0 short sword
rCold    + . .     Faith    .   (no shield)
rNeg     + + +     Spirit   .   a - +0 robe
rPois    ∞         Reflect  .   (no helmet)
rElec    .         Harm     .   (no cloak)
rCorr    .         Rampage  .   (no gloves)
Will     .....                  (no boots)
Stlth    ++........             (no amulet)
HPRegen  0.10/turn              (no ring)
MPRegen  0.12/turn              (no ring)

@: no status effects
A: cold resistance 1, negative energy resistance 3, torment resistance 2,
unbreathing 1, heat vulnerability 1, no potions
a: no special abilities


You were on level 2 of the Dungeon.
You visited 1 branch of the dungeon, and saw 2 of its levels.

You collected 50 gold pieces.

Inventory:

Hand Weapons
 b - a +0 short sword (weapon)
Missiles
 d - 6 atropa-tipped darts
Armour
 a - a +0 robe (worn)
Jewellery
 f - an amulet of the acrobat
Scrolls
 c - a scroll of fear {unknown}
 e - 2 scrolls of identify {unknown}
 g - a scroll of teleportation {unknown}


   Skills:
 + Level 2.5 Dodging
 - Level 1.5 Stealth
 + Level 4.0 Spellcasting
 + Level 4.7 Necromancy


You had 10 spell levels left.
You knew the following spells:

 Your Spells              Type           Power      Damage    Failure   Level
a - Pain                  Necr           68%        1d7       2%          1

Your spell library contained the following spells:

 Spells                   Type           Power      Damage    Failure   Level
 Animate Skeleton         Necr           34%        N/A       2%          1
 Vampiric Draining        Necr           8%         2d7       8%          3
 Animate Dead             Necr           8%         N/A       26%         4
 Agony                    Necr           17%        N/A       56%         5


Dungeon Overview and Level Annotations

Branches:
Dungeon (2/15)

Altars:


Innate Abilities, Weirdness & Mutations

You are immune to poison.
Your flesh is cold resistant. (rC+)
You are immune to negative energy. (rN+++)
You are immune to unholy pain and torment.
You can survive without breathing.
You are vulnerable to heat. (rF-)
You do not drink.


Message History

Press: ? - help, Shift-Dir - straight line, f/p - Natasha
Aim: Natasha (almost dead, chance to affect: 75%) Natasha struggles to resist.
Natasha drinks a potion.
Natasha seems to grow stronger.
Casting: Pain (safe; 2% risk of failure)
Confirm with . or Enter, or press ? or * to list all spells.
Aiming: Pain (safe; 2% risk of failure)
Press: ? - help, Shift-Dir - straight line, f/p - Natasha
Aim: Natasha (almost dead, strong, chance to affect: 75%) Natasha writhes in agony.
Natasha stares at you and mumbles some strange words.
The magic dart hits you!
* * * LOW HITPOINT WARNING * * *
You barely miss Natasha.
Natasha is almost dead.
Natasha misses you.
You hit Natasha.
You kill Natasha!
Natasha screams in fury as she dies!
The shadow imp disappears in a puff of smoke!
Your Spellcasting skill increases to level 4!
You hit the bullfrog.
The bullfrog is lightly wounded.
The bullfrog misses you.
Unknown command.
The bullfrog barely misses you. The bullfrog misses you.
You see here a quokka corpse.
The bullfrog hits you.
* * * LOW HITPOINT WARNING * * *
Throw: 7 darts (atropa)
Press: ? - help, Q - select action, (/) - cycle Shift-Dir - straight line, f - bullfrog
Aim: a bullfrog (lightly wounded, 47% to hit, chance to blind on hit: 61%)
You throw an atropa-tipped dart.
The atropa-tipped dart closely misses the bullfrog.
The bullfrog hits you.
* * * LOW HITPOINT WARNING * * *
The bullfrog barely misses you. The bullfrog hits you.
You die...

#......#.†...#
#......##..###
####'#.#.##..#####
#....#.#.)..>.....
#............#####
#............#
#............#
.#################.........#
......(...†...F@...........#
.##################......(.#
##'#####.# #.# #.# #.# #.#
#.# #.# #.# #.# #.# #.# #.#
#.#


You could see a bullfrog.

Vanquished Creatures
  Natasha (twice) (D:2)
  A worm (D:2)
  A dart slug (D:1)
  2 ball pythons (D:1)
  3 bats
  6 endoplasms
  3 giant cockroaches
  5 goblins
  A hobgoblin (D:2)
  4 jackals (D:1)
  8 kobolds
  A quokka (D:2)
  6 frilled lizards
  4 rats (D:1)
47 creatures vanquished.

Notes
Turn   | Place    | Note
-------+----------+-------------------------------------------
     0 | D:1      | Mesmaeker13 the Mummy Necromancer began the quest for the
                  | Orb.
     0 | D:1      | Reached XP level 1. HP: 13/13 MP: 4/4
   166 | D:1      | Reached XP level 2. HP: 18/19 MP: 1/6
   858 | D:1      | Reached XP level 3. HP: 24/24 MP: 5/7
  1240 | D:1      | Found a faded altar of an unknown god.
  1954 | D:2      | Noticed Natasha
  1960 | D:2      | Killed Natasha
  1961 | D:2      | Reached XP level 4. HP: 25/30 MP: 2/9
  2221 | D:2      | Noticed Natasha
  2223 | D:2      | Noticed a bullfrog
  2231 | D:2      | Killed Natasha
  2239 | D:2      | HP: 1/30 [bullfrog (6)]
  2241 | D:2      | Slain by a bullfrog

Illustrated notes

Levels and vault maps discovered:
D:1:      lemuel_arrival_hallway, layout_basic,
          hellmonk_ecumenical_altar_leap_of_faith, minmay_tetromino_o2
D:2:      layout_basic, item_on_display_a, uniq_natasha

Skill      XL: |  1  2  3  4 |
---------------+-------------+-----
Spellcasting   | 3 4 |  4.0
Dodging        | 2 |  2.5
Stealth        | |  1.5
Necromancy     | |  4.7

Action                   |  1- 3 |  4- 6 || total
-------------------------+-------+-------++-------
Melee: Short sword       |    22 |     3 ||    25
Throw: Dart              |       |     1 ||     1
 Cast: Pain              |    81 |    13 ||    94
Armor: Robe              |     3 |       ||     3
Dodge: Dodged            |    21 |     5 ||    26

Table legend: (Time is in decaauts)
 A = Elapsed time spent in this place.
 B = Non-inter-level travel time spent in this place.
 C = Inter-level travel time spent in this place.
 D = Time resting spent in this place.
 E = Time spent auto-exploring this place.
 F = Levels seen in this place.
 G = Mean time per level.
                   A        B        C        D        E       F      G
               +--------+--------+--------+--------+--------+-----+--------+
         Total |   2242 |   2190 |     52 |    451 |   1477 |   2 | 1121.0 |
       Dungeon |   2242 |   2190 |     52 |    451 |   1477 |   2 | 1121.0 |
               +--------+--------+--------+--------+--------+-----+--------+

Top non-repeatable levels by time:
     D:1: 1323 daAuts
     D:2: 919 daAuts
